Map: Backwater LE

Players

sifion

  • Race: Zerg Zerg
  • League: Gold
  • Spawn Location: 5:00

Kozzy - Winner!

  • Race: Protoss Protoss
  • League: Gold
  • Spawn Location: 11:00

VOD

Have the link to the VOD?

Description

Time

  • Played on: April 2, 2018, 12:11 a.m.
  • Length: 8:00
Show
View Real Time Build Order
Export as new Build Order

sifion Zerg 

Build Orders: Hatch First 

Get SALT Encoding   

  12  0:01  Drone  
  13  0:11  Drone  
  14  0:41  Hatchery  
  14  0:42  Drone  
  14  1:15  Spawning Pool, Overlord  
  14  1:18  Extractor, Drone x2  
  14  1:58  Extractor  
  14  1:59  Extractor  
  14  2:00  Drone x2  
  14  2:03  Zergling x2  
  15  2:23  Drone x2  
  15  2:24  Drone  
  18  2:43  Drone x2  
  18  2:44  Zergling x4  
  22  2:46  Metabolic Boost  
  22  2:57  Drone x2  
  22  2:58  Queen  
  26  3:00  Queen  
  28  3:07  Overlord  
  28  3:22  Roach Warren  
  28  3:25  Drone  
  28  3:26  Drone  
  30  3:41  Drone x2  
  30  3:42  Drone x2  
  30  3:43  Drone  
  34  3:55  Drone  
  34  3:56  Drone  
  36  4:06  Overlord  
  36  4:20  Overlord  
  36  4:24  Drone x7  
  43  4:34  Evolution Chamber  
  41  4:41  Roach  
  41  4:42  Roach x2  
  47  4:58  Spine Crawler  
  46  5:00  Evolution Chamber  
  46  5:03  Roach x2  
  46  5:04  Spine Crawler, Roach  
  50  5:07  Drone x2  
  50  5:13  Zerg Missile Weapons Level 1  
  50  5:31  Roach  
  34  5:49  Roach  
  30  5:50  Roach x5  
  38  6:08  Roach  
  28  6:31  Roach  
  28  6:32  Roach x3  
  30  7:06  Spawning Pool  
Show
View Real Time Build Order
Export as new Build Order

Kozzy Protoss - Winner!

Build Orders:  

Get SALT Encoding   

  12  0:01  Probe  
  13  0:13  Probe  
  14  0:21  Pylon  
  14  0:27  Probe  
  15  0:39  Probe  
  15  0:40  Gateway  
  16  0:50  Assimilator  
  16  0:51  Probe (Chrono Boost)  
  17  1:04  Probe (Chrono Boost)  
  18  1:11  Probe (Chrono Boost)  
  19  1:18  Probe  
  20  1:30  Pylon, Probe  
  21  1:34  Cybernetics Core  
  21  2:07  Gateway  
  21  2:08  Pylon  
  21  2:11  Probe  
  22  2:17  Zealot (Chrono Boost), Twilight Council  
  22  2:18  Warp Gate (Chrono Boost)  
  24  2:29  Gateway  
  24  2:47  Pylon  
  24  2:51  Charge (Chrono Boost)  
  24  2:53  Gateway  
  24  2:59  Zealot  
  24  3:00  Zealot  
  28  3:07  Pylon  
  28  3:27  Pylon  
  28  3:45  Pylon  
  28  4:16  Zealot  
  30  4:17  Zealot x2  
  30  4:19  Zealot  
  36  4:32  Forge  
  36  4:37  Gateway  
  36  4:40  Pylon  
  36  4:44  Zealot x2  
  36  4:45  Zealot x2  
  44  5:01  Shield Battery  
  44  5:07  Photon Cannon, Zealot x2  
  44  5:08  Zealot x2  
  44  5:13  Protoss Ground Weapons Level 1 (Chrono Boost)  
  52  5:40  Zealot x4  
  52  6:32  Stalker x2  
  50  6:47  Zealot  
  50  6:48  Zealot  
Tags
 
League
GoldGold
Matchup
PvZ
Spawn Locations
Cross Positions
Add a new tag
Caveats
  • Supply blocks, unpowered buildings, or Contaminate may cause inaccurate times.
  • Supply counts are checked every 10 seconds.